 Dungeon Crawl Stone Soup version 0.19.1-1-g22dce08 (webtiles) character file.

1527 dngmouse the Reanimator (level 8, 0/52 HPs)
             Began as a Demonspawn Necromancer on Jan 20, 2017.
             Slain by an ice beast (13 damage)
             ... on level 6 of the Dungeon.
             The game lasted 00:22:41 (5879 turns).

dngmouse the Reanimator (Demonspawn Necromancer)    Turns: 5879, Time: 00:22:42

Health: 0/52       AC:  9    Str:  9    XL:     8   Next: 55%
Magic:  17/18      EV: 12    Int: 16    God:
Gold:   245        SH:  0    Dex: 16    Spells: 3 memorised, 12 levels left

rFire  + + .     SeeInvis .     f - +2 short sword (elec)
rCold  . . .     Gourm    .     J - +3 salamander hide armour {+Rage rF++}
rNeg   . . .     Faith    .     (no shield)
rPois  .         Spirit   .     B - +0 hat
rElec  .         Reflect  .     (no cloak)
rCorr  .         Harm     .     (no gloves)
MR     .....                    (no boots)
Stlth  ++........               y - amulet of rage
                                (no ring)
                                E - ring of wizardry

@: no status effects
A: hooves 1, slimy green scales 2, powered by pain 1, rot immunity
a: Evoke Berserk Rage


You were on level 6 of the Dungeon.
You were hungry.

You visited 1 branch of the dungeon, and saw 6 of its levels.

You collected 245 gold pieces.

Inventory:

Hand Weapons
 f - a +2 short sword of electrocution (weapon)
 C - a +0 long sword
Armour
 a - a +0 robe
 B - a +0 hat (worn)
 J - the +3 salamander hide armour (worn) {+Rage rF++}
   (You found it on level 5 of the Dungeon)

   It greatly protects you from fire.
   It lets you go berserk.
Jewellery
 y - an amulet of rage (around neck)
 E - a ring of wizardry (left hand)
Wands
 x - a wand of slowing (44/48)
 F - a wand of slowing (29/48)
 G - a wand of random effects (31/48)
 H - a wand of enslavement (11/24)
Scrolls
 d - a scroll of immolation {unknown}
 g - 2 scrolls of enchant weapon {unknown}
 h - 3 scrolls of enchant armour {unknown}
 i - 3 scrolls of remove curse {unknown}
 l - 4 scrolls of identify
 o - a scroll of teleportation {unknown}
 r - a scroll of noise {unknown}
 s - a scroll of blinking {unknown}
 t - a scroll of fear {unknown}
 z - a scroll of magic mapping
Potions
 e - a potion of curing {unknown}
 j - a potion of mutation {unknown}
 n - 2 potions of might {unknown}
 p - 2 potions of berserk rage {unknown}
 q - a potion of invisibility {unknown}
 w - a potion of brilliance {unknown}
 A - a potion of flight {unknown}
 D - a potion of haste {unknown}
Books
 b - a book of Necromancy

   Spells                             Type                      Level
   a - Pain                           Necromancy                   1
   b - Animate Skeleton               Necromancy                   1
   c - Vampiric Draining              Necromancy                   3
   d - Regeneration                   Charms/Necromancy            3
   e - Animate Dead                   Necromancy                   4
   f - Control Undead                 Necromancy                   4
 k - a book of Minor Magic

   Spells                             Type                      Level
   a - Magic Dart                     Conjuration                  1
   b - Blink                          Translocation                2
   c - Call Imp                       Summoning                    2
   d - Repel Missiles                 Charms/Air                   2
   e - Slow                           Hexes                        2
   f - Conjure Flame                  Conjuration/Fire             3
   g - Mephitic Cloud                 Conjuration/Poison/Air       3
Comestibles
 c - 4 bread rations
 m - 4 meat rations
 u - 6 fruits
 v - a slice of pizza


   Skills:
 - Level 1.7 Dodging
 - Level 1.7 Stealth
 * Level 6.6 Spellcasting
 + Level 9.9 Necromancy


You had 12 spell levels left.
You knew the following spells:

 Your Spells              Type           Power        Failure   Level  Hunger
a - Pain                  Necr           ####         1%          1    None
b - Vampiric Draining     Necr           #####.....   1%          3    ##.....
c - Animate Dead          Necr           N/A          1%          4    ####...


Dungeon Overview and Level Annotations

Branches:
Dungeon (6/15)
 Temple: D:4-7

Altars:
Fedhas
Gozag
Makhleb
Nemelex Xobeh

Shops:
D:5 [

Annotations:
D:4 PeterLawrence's ghost, amateur MiFi


Innate Abilities, Weirdness & Mutations

You have large cloven feet.
You are mostly covered in slimy green scales. (AC +3)
You sometimes gain a little power by taking damage.
You are immune to rotting.


Message History

The ice beast hits your gnoll zombie.
Your gnoll zombie is destroyed!
Your gnoll zombie barely misses the ice beast.
Casting: Animate Dead
Confirm with . or Enter, or press ? or * to list all spells.
Aiming: Pain
Press: ? - help, Shift-Dir - straight line, f - ice beast
Aim: an ice beast (chance to defeat MR: 84%)
The ice beast barely resists.
Your gnoll zombie closely misses the ice beast.
The ice beast closely misses you. The ice beast hits your gnoll zombie.
The ice beast freezes your gnoll zombie.
Your gnoll zombie resists.
Your gnoll zombie hits the ice beast with a flail.
Your gnoll zombie hits the ice beast with a flail!
The ice beast hits you.
* * * LOW HITPOINT WARNING * * *
The ice beast freezes you!
You die...

#.............≈≈
#..$..........≈≈
#........).....≈
#............... ###
#............... #..
#......†........ #.#####
#............... #.#...<
#####..YZ######## #.#.###
........@....######.#....
.........................
#####....###..##.##.#####
....$..# ##.##Z##.#
.?......# #..#.##.#
......#### ##Z#Z##..
.##### #...#### ##..#
#..#


You could see an ice beast and a friendly gnoll zombie.

Vanquished Creatures
  Sigmund (D:5)
  Edmund (D:5)
  An orc warrior (D:5)
  A phantom (D:5)
  2 ogres (D:5)
  An ice beast (D:4)
  2 centaurs (D:5)
  2 scorpions
  2 crimson imps
  An orc priest (D:3)
  A bullfrog skeleton (D:4)
  A centaur skeleton (D:3)
  An iguana (D:4)
  4 worker ants (D:4)
  The ghost of dscm the Cutter, a weakling OpMo (D:3)
  4 gnolls (D:6)
  7 adders
  2 shadow imps
  3 oozes (D:1)
  An adder skeleton (D:4)
  2 worms
  3 dart slugs
  3 leopard geckos
  12 orcs
  A giant cockroach (D:5)
  6 goblins
  5 hobgoblins
  2 quokkas (D:3)
  2 ball pythons
  4 bats
  2 frilled lizards (D:1)
  11 kobolds
  7 rats
99 creatures vanquished.

Vanquished Creatures (collateral kills)
  An ogre (D:5)
  A leopard gecko (D:3)
  An orc (D:3)
3 creatures vanquished.

Grand Total: 102 creatures vanquished

Notes
Turn   | Place    | Note
-------+----------+-------------------------------------------
     0 | D:1      | dngmouse the Demonspawn Necromancer began the quest for the Orb.
     0 | D:1      | Reached XP level 1. HP: 13/13 MP: 3/3
   246 | D:1      | Gained mutation: You are partially covered in slimy green scales. (AC +2) [demonic ancestry]
   246 | D:1      | Reached XP level 2. HP: 19/19 MP: 3/5
   298 | D:1      | Reached skill level 5 in Necromancy
  1104 | D:1      | Gained mutation: You sometimes gain a little power by taking damage. [demonic ancestry]
  1104 | D:1      | Reached XP level 3. HP: 22/24 MP: 2/6
  1427 | D:2      | Learned a level 3 spell: Vampiric Draining
  1741 | D:2      | Found an opulent altar of Gozag.
  1867 | D:2      | Reached skill level 6 in Necromancy
  1868 | D:2      | Gained mutation: You are immune to rotting. [demonic ancestry]
  1868 | D:2      | Reached XP level 4. HP: 26/30 MP: 1/7
  2355 | D:2      | Found a burning altar of Makhleb.
  2448 | D:3      | Noticed dscm's ghost (weakling OpMo)
  2460 | D:3      | Killed dscm's ghost
  2646 | D:3      | Reached skill level 7 in Necromancy
  2646 | D:3      | Reached XP level 5. HP: 11/35 MP: 1/8
  2951 | D:3      | Learned a level 4 spell: Animate Dead
  3653 | D:4      | Reached skill level 8 in Necromancy
  3653 | D:4      | Gained mutation: You are mostly covered in slimy green scales. (AC +3) [demonic ancestry]
  3653 | D:4      | Reached XP level 6. HP: 40/41 MP: 6/9
  3802 | D:4      | Noticed PeterLawrence's ghost (amateur MiFi)
  4235 | D:4      | Noticed an ice beast
  4251 | D:4      | Killed an ice beast
  4326 | D:4      | Reached XP level 7. HP: 27/46 MP: 6/12
  4590 | D:5      | Entered Level 5 of the Dungeon
  4590 | D:5      | Found Wagomi's Armour Shop.
  4606 | D:5      | Noticed Sigmund
  4619 | D:5      | Killed Sigmund
  4619 | D:5      | Reached skill level 9 in Necromancy
  4730 | D:5      | Reached skill level 5 in Spellcasting
  5077 | D:5      | Gained mutation: You have large cloven feet. [demonic ancestry]
  5077 | D:5      | Reached XP level 8. HP: 47/52 MP: 8/16
  5183 | D:5      | Found a sparkling altar of Nemelex Xobeh.
  5184 | D:5      | Found a blossoming altar of Fedhas.
  5213 | D:5      | Noticed Edmund
  5223 | D:5      | Killed Edmund
  5879 | D:6      | Slain by an ice beast

Skill      XL: |  1  2  3  4  5  6  7  8 |
---------------+-------------------------+-----
Necromancy     | 5 6 7 8 9 |  9.9
Spellcasting   | 3 5 6 |  6.6
Dodging        | |  1.7
Stealth        | |  1.7

Action                   |  1- 3 |  4- 6 |  7- 9 || total
-------------------------+-------+-------+-------++-------
Melee: Unarmed           |     5 |       |       ||     5
       Short sword       |    10 |   106 |    52 ||   168
       Kick              |       |       |    10 ||    10
 Cast: Pain              |    54 |    51 |    74 ||   179
       Animate Dead      |       |     9 |     2 ||    11
       Vampiric Draining |       |     1 |     3 ||     4
  Use: Scroll            |     2 |       |       ||     2
 Stab: Sleeping          |       |     4 |       ||     4
  Eat: Chunk             |     4 |    10 |     5 ||    19
Armor: Robe              |     2 |    17 |     5 ||    24
       Leather armour    |       |       |    20 ||    20
Dodge: Dodged            |    12 |    65 |    52 ||   129
